 Dungeon Crawl Stone Soup version 0.31-a0-1363-g282adc679d (webtiles) character file.

Game seed: 7345009564390161834

4161 James the Protected (level 10, -14/73 (76) HPs)
             Began as a Gnoll Wanderer on Dec 23, 2023.
             Was an Initiate of Gozag.
             Demolished by a shadow (23 damage)
             ... on level 8 of the Dungeon.
             The game lasted 00:28:05 (8483 turns).

James the Protected (Gnoll Wanderer)                Turns: 8483, Time: 00:28:05

HP:   -14/73 (76)   AC: 19    Str: 16    XL:     10   Next: 28%
MP:   17/18         EV: 12    Int: 10    God:    Gozag
Gold: 918           SH:  5    Dex: 16    Spells: 7/19 levels left

rFire   . . .        a - +3 scimitar (freeze)
rCold   . . .        D - +0 buckler
rNeg    . . .        z - +2 scale mail
rPois   .            m - +1 helmet {Int+3}
rElec   .            M - +1 cloak
rCorr   .            p - +2 pair of gloves
SInv    .            (no boots)
Will    +....        (no amulet)
Stlth   ++           w - ring of wizardry
HPRegen 0.32/turn    G - ring of flight
MPRegen 0.16/turn

%: wizardry (x1)
@: mighty, gold aura, enlightened, flying, hasted, lightly drained, very quick
A: fangs 1, strong nose, distributed training
a: Renounce Religion, Potion Petition, Call Merchant, Bribe Branch


You were on level 8 of the Dungeon.
You worshipped Gozag.
Gozag was pleased with you.
You visited 1 branch of the dungeon, and saw 8 of its levels.

You collected 1193 gold pieces.
You spent 217 gold pieces at shops.
You paid 58 gold pieces to Gozag.

Inventory:

Hand Weapons
 a - a +3 scimitar of freezing (weapon)
   (You took it off a wight on level 6 of the Dungeon)
 b - a +0 sling
   (You took it off an orc on level 3 of the Dungeon)
 y - a +4 hand axe of freezing
   (You took it off a wight on level 6 of the Dungeon)
 C - a +2 falchion of holy wrath
   (You took it off an orc on level 8 of the Dungeon)
 N - a +0 dagger of venom
   (You took it off an orc on level 7 of the Dungeon)
 P - a +3 short sword of protection
   (You took it off Maurice on level 7 of the Dungeon)
 R - a +0 trident
   (You found it on level 5 of the Dungeon)
Missiles
 k - 28 stones
 s - 9 poisoned darts
 x - 13 boomerangs (quivered)
 J - a curare-tipped dart {!f}
Armour
 j - a +0 chain mail of cold resistance
   (You took it off an orc warrior on level 8 of the Dungeon)
 m - a +1 helmet of intelligence (worn)
   (You acquired it on level 3 of the Dungeon)
 p - a +2 pair of gloves (worn)
   (You found it on level 2 of the Dungeon)
 v - a +0 chain mail
   (You found it on level 2 of the Dungeon)
 z - a +2 scale mail (worn)
 B - a +0 ring mail
   (You found it on level 4 of the Dungeon)
 D - a +0 buckler (worn)
   (You found it on level 3 of the Dungeon)
 H - a +0 robe
   (You took it off an orc wizard on level 4 of the Dungeon)
 I - a +0 ring mail
   (You took it off an orc on level 4 of the Dungeon)
 M - a +1 cloak (worn)
   (You took it off Crazy Yiuf on level 3 of the Dungeon)
 O - a +2 robe of resistance
   (You took it off a wight on level 7 of the Dungeon)
 Q - a +0 chain mail
   (You took it off an orc on level 7 of the Dungeon)
 U - a +0 ring mail
   (You took it off a gnoll sergeant on level 5 of the Dungeon)
 V - the +0 leather armour "Owuefin" {*Slow rPois Int+4}
   (You bought it in a shop on level 3 of the Dungeon)

   Int+4:     It affects your intelligence (+4).
   rPois:     It protects you from poison *Slow: It may slow you when you take
   damage.
 W - a +0 robe
   (You found it on level 6 of the Dungeon)
 X - a +0 robe
   (You took it off a wight on level 5 of the Dungeon)
 Y - a +0 leather armour
   (You took it off an orc on level 5 of the Dungeon)
 Z - a +0 leather armour
   (You took it off an orc on level 7 of the Dungeon)
Jewellery
 w - a ring of wizardry (left hand)
   (You found it on level 2 of the Dungeon)
 G - a ring of flight (right hand)
   (You found it on level 6 of the Dungeon)
 S - a ring of fire
   (You found it on level 3 of the Dungeon)
Talismans
 u - a blade talisman
   (You found it on level 4 of the Dungeon)
Wands
 T - a wand of polymorph (6)
   (You took it off Maurice on level 7 of the Dungeon)
Scrolls
 c - 2 scrolls of fog
 g - 2 scrolls of teleportation {@r4}
 l - 3 scrolls of amnesia
 q - a scroll of poison {!r}
 t - 3 scrolls of revelation
 E - a scroll of enchant weapon
 K - a scroll of blinking
Potions
 d - 3 potions of mutation {!q}
 e - 2 potions of attraction {unknown}
 f - 4 potions of curing {@q1}
 h - a potion of invisibility {unknown}
 i - a potion of haste {@q3}
 n - 2 potions of might
 o - a potion of lignification {unknown}
 r - 2 potions of enlightenment
 A - a potion of heal wounds {unknown}
 F - a potion of degeneration {unknown}
 L - a potion of resistance {unknown}


   Skills:
 + Level 6.0 Fighting
 + Level 5.3 Short Blades
 + Level 7.1 Long Blades
 + Level 5.3 Axes
 + Level 5.3 Maces & Flails
 + Level 5.3 Polearms
 + Level 5.3 Staves
 + Level 5.3 Ranged Weapons
 + Level 6.0 Throwing
 + Level 11.7 Armour
 + Level 5.3 Dodging
 + Level 5.3 Stealth
 + Level 5.3 Shields
 + Level 5.3 Unarmed Combat
 + Level 5.3 Spellcasting
 + Level 4.4 Conjurations
 + Level 4.4 Hexes
 + Level 4.4 Summonings
 + Level 4.4 Necromancy
 + Level 4.4 Translocations
 + Level 4.4 Fire Magic
 + Level 4.4 Ice Magic
 + Level 4.4 Air Magic
 + Level 4.4 Earth Magic
 + Level 4.4 Alchemy
 + Level 6.4 Invocations
 + Level 5.3 Evocations
 + Level 4.8 Shapeshifting


You had 7 spell levels left.
You knew the following spells:

 Your Spells              Type           Power      Damage    Failure   Level
a - Mercury Vapours       Alch/Air       22%        N/A       8%          2
b - Swiftness             Air            11%        N/A       16%         3
c - Apportation           Tloc           22%        N/A       4%          1
f - Mephitic Cloud        Conj/Alch/Air  11%        N/A       16%         3
q - Passwall              Alch/Erth      9%         N/A       8%          2
s - Slow                  Hex            44%        N/A       4%          1

Your spell library contained the following spells:

 Spells                   Type           Power      Damage    Failure   Level
 Magic Dart               Conj           44%        1d5       4%          1
 Necrotise                Necr           44%        1d6       4%          1
 Sandblast                Erth           22%        2d7       4%          1
 Shock                    Conj/Air       44%        1d5       4%          1
 Sting                    Conj/Alch      44%        1d5       4%          1
 Summon Small Mammal      Summ           44%        N/A       4%          1
 Lesser Beckoning         Tloc           22%        N/A       8%          2
 Searing Ray              Conj           22%        2d5       8%          2
 Confusing Touch          Hex            11%        N/A       16%         3
 Fugue of the Fallen      Necr           11%        N/A       16%         3
 Gell's Gravitas          Tloc           11%        N/A       16%         3
 Ozocubu's Armour         Ice            11%        N/A       16%         3
 Sigil of Binding         Hex            11%        N/A       16%         3
 Stone Arrow              Conj/Erth      22%        3d8       16%         3
 Teleport Other           Tloc           11%        N/A       16%         3
 Vampiric Draining        Necr           11%        2d6       16%         3
 Airstrike                Air            5%         2d(1-17)  43%         4
 Brom's Barrelling Bould  Conj/Erth      11%        2d3       43%         4
 Fulminant Prism          Conj/Alch      5%         3d7       43%         4
 Manifold Assault         Tloc           11%        N/A       43%         4
 Freezing Cloud           Conj/Ice/Air   5%         6-21      77%         5
 Conjure Ball Lightning   Conj/Air       5%         3x3d6     99%         6
 Discord                  Hex            5%         N/A       100%        8
 Disjunction              Tloc           5%         N/A       100%        8


Dungeon Overview and Level Annotations

Branches:
Dungeon (8/15)             Temple (0/1) D:7
   Lair: D:8-11

Altars:
Gozag
Nemelex Xobeh
Sif Muna
Uskayaw

Shops:
D:3 [

Annotations:
D:7 3 runed translucent doors, TheWayOfAllFlesh's ghost, novice DjFE


Innate Abilities, Weirdness & Mutations

You have very sharp teeth.
Your uncanny sense of smell can sniff out nearby items.
Your experience applies equally to all skills.


Message History

* * * LOW HITPOINT WARNING * * *
You block the killer bee's attack. The wight misses you.
The killer bee closely misses you.
The gnoll bouda is distracted by your dazzling golden aura.
The gnoll bouda shouts!
You completely miss the killer bee.
The killer bee stings you but does no damage. x2
The wight closely misses you.
Unknown command.
You completely miss the wight. The killer bee misses you.
The killer bee stings you but does no damage.
The wight closely misses you.
The wight is distracted by your dazzling golden aura.
You hit the wight. You bite the wight, but do no damage.
The killer bee stings you but does no damage. x2
The wight completely misses you.
You slash the wight! You freeze the wight.
You destroy the wight!
The gnoll bouda is no longer distracted by gold.
The wight is no longer distracted by gold.
The killer bee barely misses you. x2
You hit the gnoll bouda but do no damage.
The killer bee barely misses you.
The killer bee stings you but does no damage.
The gnoll bouda is distracted by your dazzling golden aura.
The gnoll bouda shouts!
You slash the gnoll bouda! You freeze the gnoll bouda.
The gnoll bouda is no longer distracted by gold.
You hear a bellow!
The killer bee barely misses you.
The killer bee stings you but does no damage.
The gnoll bouda is distracted by your dazzling golden aura.
You block the wight's attack. The killer bee barely misses you.
The gnoll bouda shouts!
A yak comes into view.
You slice the gnoll bouda!! You freeze the gnoll bouda.
You kill the gnoll bouda!
You hear a bellow!
The killer bee is distracted by your dazzling golden aura. x2
The yak is distracted by your dazzling golden aura.
The wight is distracted by your dazzling golden aura.
The yak bellows!
The killer bee buzzes angrily. x2
It was a potion of enlightenment.
You feel more buoyant.
The wight is distracted by your dazzling golden aura.
Okay, then.
It was a potion of haste.
You feel yourself speed up.
The shadow strikes at you from the darkness!
You die...
Your body crumbles into a pile of gold.

#..############# #..##
##..# ##.### ###
##..###### ....#####
##[.....##### ..#..§§§##
######...... .....##z§#
###.... #.Yz§@# ####
##... ∆#.#yy##
##..######... .#.§§§.#
##...[......).
.......#§###y{z..)..<....
##.##...gK#.z##....)....#
#. #.###yz.##$.######..#
. ∆... ∆#.#.##z## ##..
...#.###...#$## #.
#.##.....##)$# #


You could see 2 killer bees and 2 wights.

Vanquished Creatures
  Maurice (D:7)
  4 yaks
  3 water moccasins
  2 black bears (D:3)
  An orc warrior (D:8)
  An ice beast (D:8)
  A centaur (D:6)
  2 phantoms
  2 kobold brigands
  A gnoll sergeant (D:5)
  2 bullfrogs
  A scorpion (D:5)
  13 wights
  2 killer bees (D:8)
  A howler monkey (D:8)
  Crazy Yiuf (D:3)
  2 hounds (D:6)
  2 gnoll boudas (D:8)
  5 orc priests
  4 jellies
  3 sleepcaps
  4 iguanas (D:6)
  8 orc wizards
  9 adders
  7 gnolls
  2 white imps
  3 bombardier beetles
  4 dart slugs
  37 orcs
  7 ball pythons
  11 bats
  9 endoplasms
  5 giant cockroaches
  5 goblins
  8 hobgoblins
  10 jackals
  3 quokkas
  A frilled lizard (D:1)
  16 kobolds
  13 rats
216 creatures vanquished.

Notes
Turn   | Place    | Note
-------+----------+-------------------------------------------
     0 | D:1      | Reached skill level 10 in Armour
     0 | D:1      | James the Gnoll Wanderer began the quest for the Orb.
     0 | D:1      | James set off with the following items: a +0 falchion, a +2
                  | scale mail, a scroll of fog, a potion of mutation {!q}.
     0 | D:1      | Reached XP level 1. HP: 17/17 MP: 2/2
   171 | D:1      | Reached XP level 2. HP: 23/23 MP: 3/3
   352 | D:1      | Reached XP level 3. HP: 23/28 MP: 4/4
   696 | D:1      | Found a faded altar of an unknown god.
   809 | D:2      | Reached skill level 1 in Short Blades
   809 | D:2      | Reached skill level 1 in Axes
   809 | D:2      | Reached skill level 1 in Maces & Flails
   809 | D:2      | Reached skill level 1 in Polearms
   809 | D:2      | Reached skill level 1 in Staves
   809 | D:2      | Reached skill level 1 in Ranged Weapons
   809 | D:2      | Reached skill level 1 in Dodging
   809 | D:2      | Reached skill level 1 in Stealth
   809 | D:2      | Reached skill level 1 in Shields
   809 | D:2      | Reached skill level 1 in Unarmed Combat
   809 | D:2      | Reached skill level 1 in Spellcasting
   809 | D:2      | Reached skill level 1 in Evocations
  1020 | D:2      | Reached skill level 1 in Shapeshifting
  1020 | D:2      | Reached XP level 4. HP: 34/34 MP: 6/6
  1365 | D:2      | Reached skill level 1 in Conjurations
  1365 | D:2      | Reached skill level 1 in Hexes
  1365 | D:2      | Reached skill level 1 in Summonings
  1365 | D:2      | Reached skill level 1 in Necromancy
  1365 | D:2      | Reached skill level 1 in Translocations
  1365 | D:2      | Reached skill level 1 in Fire Magic
  1365 | D:2      | Reached skill level 1 in Ice Magic
  1365 | D:2      | Reached skill level 1 in Air Magic
  1365 | D:2      | Reached skill level 1 in Earth Magic
  1365 | D:2      | Reached skill level 1 in Alchemy
  2161 | D:3      | Found a runed translucent door.
  2162 | D:3      | Noticed Crazy Yiuf
  2331 | D:3      | Reached XP level 5. HP: 40/40 MP: 7/7
  2617 | D:3      | Noticed a black bear
  2631 | D:3      | Killed a black bear
  2632 | D:3      | Reached XP level 6. HP: 45/47 MP: 8/8
  2688 | D:3      | Noticed a black bear
  2701 | D:3      | Killed a black bear
  2702 | D:3      | Reached skill level 5 in Long Blades
  2758 | D:3      | Found Zecal's Antique Armour Emporium.
  2949 | D:3      | Identified a scroll of acquirement
  3091 | D:3      | Acquired a +1 helmet of intelligence
  3196 | D:4      | Found an opulent altar of Gozag.
  3212 | D:4      | Became a worshipper of Gozag Ym Sagoz the Greedy
  3663 | D:4      | Reached XP level 7. HP: 52/52 MP: 10/10
  4034 | D:5      | Entered Level 5 of the Dungeon
  4260 | D:5      | Found a hide-covered altar of Uskayaw.
  4620 | D:5      | Reached XP level 8. HP: 42/60 MP: 12/12
  4968 | D:3      | Bought a twisted leather armour for 217 gold pieces
  4968 | D:3      | Identified the +0 leather armour "Owuefin" {*Slow rPois
                  | Int+4} (You bought it in a shop on level 3 of the Dungeon)
  5425 | D:6      | Reached skill level 11 in Armour
  5524 | D:6      | Found a sparkling altar of Nemelex Xobeh.
  5617 | D:6      | Found a shimmering blue altar of Sif Muna.
  5940 | D:6      | Reached skill level 5 in Invocations
  6206 | D:7      | Reached XP level 9. HP: 56/66 MP: 14/14
  6581 | D:6      | Reached skill level 5 in Fighting
  6581 | D:6      | Reached skill level 5 in Throwing
  7088 | D:7      | Found a runed translucent gate.
  7088 | D:7      | Found a runed translucent gate.
  7088 | D:7      | Found a runed translucent gate.
  7089 | D:7      | Noticed TheWayOfAllFlesh's ghost (novice DjFE)
  7147 | D:7      | Found a staircase to the Ecumenical Temple.
  7261 | D:7      | Noticed Maurice
  7284 | D:7      | Maurice stole a +2 short sword of speed
  7285 | D:7      | Maurice stole a ring of fire
  7287 | D:7      | Killed Maurice
  7288 | D:7      | Reached skill level 5 in Short Blades
  7288 | D:7      | Reached skill level 5 in Axes
  7288 | D:7      | Reached skill level 5 in Maces & Flails
  7288 | D:7      | Reached skill level 5 in Polearms
  7288 | D:7      | Reached skill level 5 in Staves
  7288 | D:7      | Reached skill level 5 in Ranged Weapons
  7288 | D:7      | Reached skill level 5 in Dodging
  7288 | D:7      | Reached skill level 5 in Stealth
  7288 | D:7      | Reached skill level 5 in Shields
  7288 | D:7      | Reached skill level 5 in Unarmed Combat
  7288 | D:7      | Reached skill level 5 in Spellcasting
  7288 | D:7      | Reached skill level 5 in Evocations
  7288 | D:7      | Reached XP level 10. HP: 63/76 MP: 15/17
  7916 | D:3      | Killed Crazy Yiuf
  7951 | D:3      | Learned a level 1 spell: Apportation
  7953 | D:3      | Learned a level 1 spell: Slow
  7956 | D:3      | Learned a level 2 spell: Mercury Vapours
  7959 | D:3      | Learned a level 2 spell: Passwall
  7963 | D:3      | Learned a level 3 spell: Mephitic Cloud
  7967 | D:3      | Learned a level 3 spell: Swiftness
  8483 | D:8      | Demolished by a shadow

Illustrated notes

Levels and vault maps discovered:
D:1:      heliophobic_arrival_glass_houses, layout_basic,
          shapermc_ecumenical_altar_flowoftime, minmay_octomino_e4
D:2:      layout_basic, minmay_fountain_box, grunt_ministairs_1,
          kennysheep_generic_room_7
D:3:      layout_loops_corners, serial_shops, nicolae_shop_just_a_little_nook,
          uniq_crazy_yiuf_cottage
D:4:      layout_loops_corners, grunt_gozag_breadcrumbs
D:5:      layout_basic, nicolae_uskayaw_murder_on_the_dancefloor,
          minmay_misc_feat_chi, lightli_minifort
D:6:      layout_basic, mainiacjoe_overflow_boulevard, lemuel_tele_altar,
          minmay_microvault
D:7:      layout_cave_pods, minmay_temple_entry_waves,
          ebering_ghost_rock_garden, uniq_maurice
D:8:      layout_layer_cave, st_stairs_6, minmay_fractal_squares_5

Skill      XL: |  1  2  3  4  5  6  7  8  9 10 |
---------------+-------------------------------+-----
Armour         | 11 | 11.7
Short Blades   | 1 2 3 5 |  5.3
Axes           | 1 2 3 5 |  5.3
Maces & Flails | 1 2 3 5 |  5.3
Polearms       | 1 2 3 5 |  5.3
Staves         | 1 2 3 5 |  5.3
Ranged Weapons | 1 2 3 5 |  5.3
Dodging        | 1 2 3 5 |  5.3
Stealth        | 1 2 3 5 |  5.3
Shields        | 1 2 3 5 |  5.3
Unarmed Combat | 1 2 3 5 |  5.3
Spellcasting   | 1 2 3 5 |  5.3
Evocations     | 1 2 3 5 |  5.3
Shapeshifting  | 1 2 3 4 |  4.8
Conjurations   | 1 2 3 4 |  4.4
Hexes          | 1 2 3 4 |  4.4
Summonings     | 1 2 3 4 |  4.4
Necromancy     | 1 2 3 4 |  4.4
Translocations | 1 2 3 4 |  4.4
Fire Magic     | 1 2 3 4 |  4.4
Ice Magic      | 1 2 3 4 |  4.4
Air Magic      | 1 2 3 4 |  4.4
Earth Magic    | 1 2 3 4 |  4.4
Alchemy        | 1 2 3 4 |  4.4
Invocations    | 3 4 5 6 |  6.4
Fighting       | 3 4 5 6 |  6.0
Throwing       | 3 4 5 6 |  6.0
Long Blades    | 5 6 7 |  7.1

Action                     |  1- 3 |  4- 6 |  7- 9 | 10-12 || total
---------------------------+-------+-------+-------+-------++-------
  Melee: Falchion          |   179 |   193 |   231 |       ||   603
         Bite              |    14 |    20 |    47 |     8 ||    89
         Punch             |     4 |       |       |       ||     4
         Long sword        |       |       |   104 |       ||   104
         Scimitar          |       |       |    92 |    72 ||   164
  Throw: Stone             |       |     3 |       |       ||     3
         Boomerang         |       |     4 |    18 |       ||    22
         Dart              |       |       |    10 |       ||    10
    Use: Scroll            |       |    10 |     1 |     1 ||    12
         Potion            |       |       |       |     4 ||     4
   Stab: Sleeping          |       |       |     2 |       ||     2
         Distracted        |       |       |     1 |       ||     1
 Armour: Scale mail        |   133 |   129 |   266 |    68 ||   596
         Skin              |       |       |     6 |       ||     6
  Dodge: Dodged            |    88 |    93 |   190 |    42 ||   413
  Block: Buckler           |       |    21 |    93 |    31 ||   145

Table legend: (Time is in decaauts)
 A = Elapsed time spent in this place.
 B = Non-inter-level travel time spent in this place.
 C = Inter-level travel time spent in this place.
 D = Time resting spent in this place.
 E = Time spent auto-exploring this place.
 F = Levels seen in this place.
 G = Mean time per level.
                   A        B        C        D        E       F      G
               +--------+--------+--------+--------+--------+-----+--------+
         Total |   8572 |   7685 |    887 |    444 |   4690 |   8 | 1071.5 |
       Dungeon |   8572 |   7685 |    887 |    444 |   4690 |   8 | 1071.5 |
               +--------+--------+--------+--------+--------+-----+--------+

Top non-repeatable levels by time:
     D:3: 1584 daAuts
     D:7: 1405 daAuts
     D:6: 1292 daAuts
     D:4: 1135 daAuts
     D:5: 1042 daAuts
     D:2: 888 daAuts
     D:1: 884 daAuts
     D:8: 339 daAuts
